 Dungeon Crawl Stone Soup version 0.31.0 (webtiles) character file.

Game seed: 4170819634030836846

106 HakonGodeson the Shield-Bearer (level 4, 0/35 HPs)
             Began as a Human Fighter on Jan 20, 2024.
             Killed by divine providence
             ... invoked by an orc priest
              (7 damage)
             ... on level 4 of the Dungeon.
             The game lasted 00:03:05 (1102 turns).

HakonGodeson the Shield-Bearer (Human Fighter)      Turns: 1102, Time: 00:03:06

Health: 0/35       AC:  6    Str: 17    XL:     4   Next: 84%
Magic:  4/4        EV:  8    Int: 10    God:
Gold:   61         SH: 10    Dex: 12    Spells: 3/3 levels left

rFire   . . .        a - +0 war axe
rCold   . . .        g - +2 kite shield
rNeg    . . .        b - +0 scale mail
rPois   .            (no helmet)
rElec   .            (no cloak)
rCorr   .            (no gloves)
SInv    .            (no boots)
Will    .....        (no amulet) Stlth
                     (no ring)
HPRegen 0.25/turn    (no ring)
MPRegen 0.09/turn

%: no passive effects
@: about to teleport
A: explore regen
a: no special abilities


You were on level 4 of the Dungeon.
You visited 1 branch of the dungeon, and saw 4 of its levels.

You collected 61 gold pieces.

Inventory:

Hand Weapons
 a - a +0 war axe (weapon)
Armour
 b - a +0 scale mail (worn)
 g - a +2 kite shield (worn)
Potions
 e - a potion of cancellation
 f - 2 potions of enlightenment


   Skills:
 * Level 3.4 Fighting
 * Level 3.0 Axes
 * Level 3.5 Armour
 * Level 1.0 Dodging
 * Level 1.2 Stealth
 * Level 3.5 Shields


You had 3 spell levels left.
You didn't know any spells.
Your spell library was empty.

Dungeon Overview and Level Annotations

Branches:
Dungeon (4/15)
 Temple: D:4-7

Altars:


Innate Abilities, Weirdness & Mutations

You regain HP and MP as you explore.


Message History

You hit the jackal but do no damage. You block the jackal's attack.
An orc priest comes into view. It is wielding a +0 dagger.
The hobgoblin closely misses you.
You closely miss the hobgoblin.
The hobgoblin is almost dead.
You hit the jackal. The jackal closely misses you.
You block the hobgoblin's attack. The jackal bites you.
The jackal bites you but does no damage.
The hobgoblin hits you.
Unknown command.
You closely miss the jackal.
The jackal is heavily wounded.
You barely miss the jackal. You barely miss the hobgoblin.
The jackal closely misses you. You block the jackal's attack.
The jackal completely misses you.
The hobgoblin hits you but does no damage.
The jackal closely misses you.
You barely miss the jackal.
The jackal is heavily wounded.
You closely miss the jackal. You barely miss the hobgoblin.
The jackal closely misses you. The jackal barely misses you.
You block the hobgoblin's attack. The jackal barely misses you.
The jackal closely misses you.
A scorpion comes into view.
The hobgoblin closely misses you.
The orc priest calls down the wrath of Beogh upon you.
Beogh smites you!
* * * LOW HITPOINT WARNING * * *
As you read the scroll of teleportation, it crumbles to dust.
You feel strangely unstable.
The jackal bites you but does no damage.
You block the jackal's attack. You block the hobgoblin's attack.
You block the jackal's attack. The jackal barely misses you.
The jackal attacks as it pursues you! The jackal bites you.
* * * LOW HITPOINT WARNING * * *
The scorpion attacks as it pursues you!
The scorpion stings you but does no damage.
The orc priest invokes the aid of Beogh against you.
Beogh smites you!
You die...

.. . ## #. . .. #...
#. ...# # .>. ##
####.#.#. #.#
.....##.###.#
#..o)....# #..†..h..#
#.##ghs..#############
#..@......#.......#
#.####.†####.#.#####.#
#.......# #.#.#####.##
#......## #.#.#......)
######## #.......#>##
###.#.>.#.# #.......#
#########


You could see a scorpion, an orc priest, 2 jackals and a hobgoblin.

Vanquished Creatures
  An iguana (D:4)
  4 gnolls (D:3)
  An adder (D:2)
  2 ribbon worms (D:4)
  3 ball pythons
  An endoplasm (D:1)
  2 hobgoblins
  2 jackals (D:4)
  2 kobolds (D:4)
  A quokka (D:1)
  4 bats
  A frilled lizard (D:2)
  3 goblins
  3 rats
30 creatures vanquished.

Notes
Turn   | Place    | Note
-------+----------+-------------------------------------------
     0 | D:1      | HakonGodeson the Human Fighter began the quest for the Orb.
     0 | D:1      | Reached XP level 1. HP: 18/18 MP: 1/1
   393 | D:1      | Reached XP level 2. HP: 21/24 MP: 2/2
   507 | D:2      | Reached XP level 3. HP: 27/29 MP: 3/3
   834 | D:3      | Reached skill level 1 in Stealth
   834 | D:3      | Reached XP level 4. HP: 11/35 MP: 4/4
   954 | D:4      | Reached skill level 1 in Dodging
  1099 | D:4      | Noticed a scorpion
  1102 | D:4      | Killed from afar by an orc priest

Illustrated notes

Levels and vault maps discovered:
D:1:      erik_arrival_triangle_huge, layout_basic, st_stairs_11,
          minmay_misc_feat_x, minmay_quantized
D:2:      layout_loops_ring, serial_shops, nicolae_shop_just_a_little_nook,
          kennysheep_generic_room_9
D:3:      layout_basic, makhleb_altar_promises_db
D:4:      layout_loops_cross

Skill      XL: |  1  2  3  4 |
---------------+-------------+-----
Stealth        | 1 |  1.2
Dodging        | 1 |  1.0
Axes           | 3 |  3.0
Fighting       | |  3.4
Armour         | |  3.5
Shields        | |  3.5

Action                     |  1- 3 |  4- 6 || total
---------------------------+-------+-------++-------
  Melee: War axe           |    49 |    40 ||    89
    Use: Scroll            |     6 |     1 ||     7
         Potion            |     1 |       ||     1
 Armour: Scale mail        |    33 |    27 ||    60
  Dodge: Dodged            |    28 |    22 ||    50
  Block: Kite shield       |    48 |    25 ||    73
         Buckler           |     1 |       ||     1
